Map: [ESL] Data-C

Players

Gerald - Winner!

  • Race: Protoss Protoss
  • Spawn Location: 3:00

Krystianer

  • Race: Protoss Protoss
  • Spawn Location: 9:00

Event: DreamHack SC2 Masters 2022 Atlanta (Online)

VOD

Have the link to the VOD?

Description

Time

  • Played on: Oct. 12, 2022, 12:18 p.m.
  • Length: 19:51

All games in this series

Show
View Real Time Build Order
Export as new Build Order

Gerald Protoss - Winner!

Build Orders: Oracle Opening, Phoenix Opening 

Get SALT Encoding   

  12  0:00  Probe  
  13  0:12  Probe  
  14  0:17  Pylon  
  14  0:24  Probe (Chrono Boost)  
  16  0:36  Probe (Chrono Boost)  
  16  0:38  Gateway  
  16  0:43  Probe (Chrono Boost)  
  16  0:46  Assimilator  
  17  0:50  Probe  
  17  0:56  Assimilator  
  18  1:03  Probe (Chrono Boost)  
  19  1:09  Gateway  
  19  1:14  Probe (Chrono Boost)  
  20  1:21  Probe (Chrono Boost)  
  21  1:26  Cybernetics Core  
  22  1:35  Pylon  
  22  1:38  Pylon  
  21  1:41  Probe  
  22  1:53  Probe  
  23  2:00  Pylon  
  23  2:04  Stalker  
  23  2:05  Stalker  
  23  2:06  Probe  
  28  2:10  Warp Gate  
  28  2:16  Pylon  
  28  2:18  Probe  
  29  2:25  Pylon  
  29  2:32  Pylon  
  29  2:34  Stargate  
  29  2:35  Probe  
  30  2:44  Shield Battery  
  30  2:47  Probe  
  30  2:59  Probe  
  31  3:08  Nexus  
  31  3:18  Phoenix (Chrono Boost)  
  33  3:23  Probe  
  32  3:36  Oracle (Chrono Boost)  
  35  3:42  Probe  
  35  3:44  Shield Battery  
  35  3:47  Twilight Council  
  36  3:54  Probe  
  37  4:05  Pylon  
  37  4:06  Probe  
  38  4:18  Probe  
  38  4:19  Oracle  
  38  4:20  Probe  
  43  4:27  Adept x2  
  47  4:32  Probe x2  
  47  4:38  Blink (Chrono Boost)  
  49  4:44  Probe  
  50  4:47  Gateway  
  50  4:49  Probe  
  50  4:52  Assimilator  
  51  4:54  Pylon  
  51  5:02  Probe  
  51  5:04  Probe, Stalker x2  
  57  5:14  Probe  
  58  5:20  Probe  
  57  5:28  Probe  
  57  5:32  Probe  
  57  5:34  Nexus  
  57  5:36  Pylon  
  57  5:40  Stalker x2  
  61  5:43  Stalker  
  61  5:47  Gateway  
  61  5:49  Shield Battery  
  63  5:56  Shield Battery  
  63  6:03  Stalker x2  
  67  6:07  Stalker  
  67  6:08  Probe  
  70  6:14  Dark Shrine  
  70  6:29  Probe x2  
  70  6:30  Nexus  
  69  6:41  Probe  
  69  6:44  Stalker x3  
  69  6:45  Stalker  
  78  6:50  Forge  
  78  6:53  Pylon  
  78  7:06  Robotics Facility  
  78  7:11  Probe x2  
  78  7:13  Stalker x2  
  84  7:18  Protoss Ground Weapons Level 1 (Chrono Boost)  
  84  7:23  Probe x2  
  86  7:30  Pylon  
  86  7:34  Gateway  
  86  7:42  Dark Templar, Probe x2 (Chrono Boost)  
  90  7:45  Dark Templar  
  90  7:47  Probe (Chrono Boost)  
  93  7:51  Assimilator  
  93  7:53  Assimilator  
  93  7:54  Probe x2 (Chrono Boost)  
  93  7:55  Observer, Gateway  
  93  7:57  Probe (Chrono Boost)  
  97  7:59  Probe (Chrono Boost)  
  97  8:02  Assimilator  
  96  8:22  Probe  
  96  8:23  Stalker x4  
  103  8:28  Probe  
  103  8:31  Gateway  
  103  8:34  Gateway, Pylon  
  104  8:38  Probe x2  
  104  8:40  Photon Cannon  
  103  8:42  Shield Battery  
  103  8:43  Pylon  
  103  8:45  Stalker  
  103  8:47  Immortal  
  109  8:57  Robotics Facility  
  109  9:00  Robotics Bay  
  109  9:03  Nexus  
  109  9:06  Pylon  
  109  9:09  Dark Templar  
  111  9:13  Stalker x2  
  114  9:17  Protoss Ground Weapons Level 2 (Chrono Boost)  
  114  9:19  Stalker x2  
  118  9:31  Nexus  
  118  9:33  Stalker x2  
  118  9:34  Zealot  
  119  9:40  Dark Templar  
  121  9:47  Zealot, Dark Templar  
  121  9:48  Zealot  
  127  9:57  Probe  
  127  9:58  Disruptor  
  128  10:02  Probe  
  128  10:03  Probe  
  128  10:05  Pylon  
  133  10:13  Pylon  
  133  10:16  Shield Battery  
  133  10:19  Observer  
  133  10:20  Shield Battery, Photon Cannon  
  133  10:21  Archon  
  133  10:22  Photon Cannon  
  133  10:23  Probe x3, Pylon  
  133  10:26  Disruptor  
  133  10:28  Photon Cannon  
  140  10:35  Probe x2  
  140  10:36  Probe  
  140  10:38  Disruptor  
  140  10:41  Photon Cannon  
  143  10:47  Probe x2  
  143  10:49  Probe  
  149  10:53  Stalker x3  
  151  11:10  Nexus  
  149  11:19  Pylon x2  
  149  11:21  Disruptor (Chrono Boost), Fleet Beacon  
  149  11:32  Assimilator  
  149  11:33  Assimilator  
  149  11:34  Disruptor (Chrono Boost)  
  149  11:36  Pylon  
  149  11:38  Robotics Facility, Protoss Ground Weapons Level 3 (Chrono Boost), Probe  
  153  11:42  Probe  
  154  11:51  Probe  
  154  11:52  Pylon  
  154  11:53  Observer (Chrono Boost)  
  156  11:55  Probe  
  156  11:56  Photon Cannon  
  156  12:00  Disruptor (Chrono Boost)  
  157  12:01  Dark Templar, Pylon  
  157  12:02  Dark Templar  
  157  12:06  Observer  
  164  12:13  Nexus  
  164  12:24  Mothership (Chrono Boost)  
  171  12:31  Zealot  
  171  12:32  Zealot x2  
  171  12:36  Stalker  
  171  12:37  Stalker  
  181  12:46  Disruptor x2  
  181  12:48  Observer  
  188  12:54  Photon Cannon  
  188  12:55  Photon Cannon  
  188  12:57  Shield Battery  
  188  12:58  Shield Battery  
  188  12:59  Pylon  
  188  13:04  Probe  
  189  13:11  Stargate x2  
  189  13:16  Probe  
  190  13:22  Stalker x4  
  190  13:23  Stalker  
  190  13:25  Protoss Air Weapons Level 1  
  197  13:42  Disruptor  
  198  13:52  Gateway  
  198  13:53  Gateway  
  198  14:01  Observer  
  197  14:12  Dark Templar  
  197  14:14  Photon Cannon  
  199  14:48  Observer  
  199  14:50  Charge (Chrono Boost)  
  199  15:06  Observer  
  180  15:26  Disruptor  
  169  15:31  Disruptor  
  169  15:32  Tempest x3  
  155  15:43  Stalker x5  
  155  15:44  Stalker x5  
  155  15:47  Assimilator  
  175  15:51  Assimilator  
  175  15:53  Disruptor  
  178  16:00  Nexus  
  178  16:02  Warp Prism  
  180  16:09  Mothership, Protoss Shields Level 1 (Chrono Boost)  
  188  16:15  Pylon  
  188  16:20  Tempest x2, Protoss Air Weapons Level 2 (Chrono Boost)  
  198  16:31  Pylon  
  198  16:32  Gravitic Boosters (Chrono Boost)  
  198  16:34  Pylon  
  198  16:40  Dark Templar  
  199  16:47  Pylon  
  199  16:48  Dark Templar x2  
  199  16:50  Assimilator  
  179  17:00  Tempest (Chrono Boost), Stalker x7  
  197  17:22  Oracle (Chrono Boost)  
  197  17:29  Nexus  
  195  17:44  Stalker x2  
  197  17:49  Disruptor x2  
  200  17:55  Unknown  
  200  17:58  Observer, Pylon  
  200  18:02  Assimilator  
  200  18:06  Assimilator  
  200  18:10  Pylon  
  200  18:18  Photon Cannon x2  
  200  18:21  Shield Battery  
  200  18:22  Dark Templar  
  200  18:23  Shield Battery  
  200  18:24  Photon Cannon  
  197  18:34  Dark Templar  
  199  18:50  Nexus  
  199  18:55  Pylon  
  199  18:58  Pylon  
  199  19:02  Assimilator  
  190  19:29  Dark Templar x7  
  198  19:33  Stalker x2  
  198  19:34  Stalker  
Show
View Real Time Build Order
Export as new Build Order

Krystianer Protoss 

Build Orders: Oracle Opening, Blink Stalkers 

Get SALT Encoding   

  12  0:00  Probe  
  13  0:12  Probe  
  14  0:18  Pylon  
  14  0:24  Probe (Chrono Boost)  
  15  0:36  Probe (Chrono Boost)  
  15  0:39  Gateway  
  16  0:44  Probe (Chrono Boost)  
  16  0:47  Assimilator  
  17  0:50  Probe  
  18  1:03  Probe (Chrono Boost)  
  19  1:04  Assimilator  
  19  1:09  Pylon  
  20  1:12  Probe (Chrono Boost)  
  20  1:17  Probe (Chrono Boost)  
  21  1:26  Cybernetics Core  
  21  1:29  Probe  
  21  1:32  Zealot  
  24  1:40  Pylon  
  24  1:41  Probe  
  25  1:54  Probe  
  26  2:02  Stargate  
  26  2:08  Stalker  
  26  2:09  Probe  
  29  2:21  Probe  
  30  2:38  Probe  
  30  2:41  Stalker  
  30  2:44  Oracle (Chrono Boost)  
  36  2:55  Warp Gate (Chrono Boost)  
  36  3:00  Nexus  
  35  3:07  Pylon  
  35  3:10  Probe  
  36  3:22  Probe  
  37  3:27  Twilight Council  
  37  3:32  Gateway  
  37  3:34  Probe  
  38  3:45  Gateway  
  38  3:46  Probe  
  39  3:58  Probe, Blink (Chrono Boost)  
  37  4:07  Stalker  
  39  4:11  Probe  
  39  4:12  Probe  
  41  4:23  Probe  
  42  4:24  Probe  
  43  4:35  Probe  
  43  4:36  Probe, Stalker  
  44  4:45  Stalker x2  
  48  4:47  Probe  
  48  4:48  Probe  
  50  4:59  Probe  
  51  5:01  Probe, Stalker  
  53  5:11  Probe, Stalker x2  
  53  5:14  Probe  
  59  5:23  Probe  
  58  5:29  Nexus  
  58  5:36  Stalker x2  
  58  5:39  Probe  
  58  5:40  Probe  
  59  5:43  Pylon  
  59  5:51  Probe  
  59  5:52  Probe  
  61  5:57  Pylon  
  61  6:02  Stalker  
  61  6:03  Stalker  
  66  6:06  Assimilator  
  66  6:07  Probe (Chrono Boost)  
  66  6:08  Probe (Chrono Boost)  
  67  6:17  Probe (Chrono Boost)  
  69  6:19  Probe (Chrono Boost)  
  69  6:22  Probe (Chrono Boost)  
  70  6:26  Stalker  
  70  6:27  Stalker  
  70  6:28  Probe  
  75  6:35  Stalker  
  75  6:36  Probe (Chrono Boost)  
  73  6:40  Shield Battery  
  73  6:43  Probe x2 (Chrono Boost)  
  73  6:48  Probe (Chrono Boost)  
  73  6:54  Probe (Chrono Boost)  
  76  6:55  Probe (Chrono Boost)  
  76  6:57  Probe (Chrono Boost)  
  76  6:58  Stalker  
  80  7:02  Probe (Chrono Boost)  
  80  7:03  Probe (Chrono Boost)  
  80  7:06  Probe (Chrono Boost), Stalker  
  85  7:08  Probe x2 (Chrono Boost)  
  85  7:11  Forge  
  87  7:16  Probe (Chrono Boost)  
  87  7:18  Robotics Facility  
  87  7:19  Probe (Chrono Boost)  
  87  7:22  Probe (Chrono Boost)  
  89  7:30  Gateway x2  
  89  7:32  Pylon  
  89  7:33  Protoss Ground Weapons Level 1, Probe (Chrono Boost)  
  89  7:34  Probe (Chrono Boost)  
  89  7:35  Probe (Chrono Boost)  
  90  7:39  Probe  
  90  7:40  Probe  
  90  7:41  Charge (Chrono Boost)  
  90  7:43  Probe  
  93  7:48  Gateway  
  93  7:50  Gateway  
  93  7:54  Gateway  
  93  7:56  Probe  
  94  8:00  Pylon  
  94  8:01  Stalker  
  96  8:06  Observer (Chrono Boost)  
  96  8:09  Stalker  
  96  8:11  Pylon  
  97  8:14  Probe  
  97  8:18  Stalker  
  100  8:22  Warp Prism (Chrono Boost), Probe  
  103  8:29  Pylon  
  103  8:30  Pylon  
  103  8:33  Photon Cannon  
  103  8:41  Photon Cannon  
  103  8:43  Zealot x2  
  107  8:50  Zealot x3  
  107  8:51  Observer  
  114  8:58  Pylon  
  114  9:01  Stalker x2  
  114  9:02  Pylon  
  118  9:15  Probe  
  119  9:18  Nexus  
  117  9:25  Zealot x5  
  121  9:32  Probe  
  121  9:35  Probe  
  113  9:41  Stalker x3  
  113  9:42  Probe  
  116  9:45  Zealot x3  
  118  9:54  Stalker x2  
  118  9:55  Shield Battery, Probe  
  118  9:56  Probe  
  125  10:05  Stalker x2  
  128  10:10  Stalker  
  130  10:16  Pylon  
  130  10:17  Probe  
  130  10:19  Observer, Stalker x2  
  135  10:22  Protoss Ground Weapons Level 2 (Chrono Boost)  
  135  10:28  Probe  
  136  10:30  Photon Cannon  
  136  10:48  Stalker x5  
  136  10:49  Stalker x2  
  150  10:51  Stalker  
  111  11:12  Zealot x7  
  111  11:15  Zealot  
  127  11:20  Probe x2  
  127  11:23  Gateway  
  127  11:24  Assimilator  
  127  11:25  Gateway, Assimilator  
  130  11:28  Robotics Facility  
  130  11:29  Assimilator  
  129  11:34  Robotics Facility  
  129  11:36  Robotics Bay  
  129  11:37  Probe  
  129  11:39  Observer  
  129  11:40  Probe x2  
  129  11:44  Probe  
  129  11:46  Zealot x5, Assimilator  
  142  11:49  Photon Cannon, Assimilator  
  142  11:50  Probe  
  142  11:52  Probe  
  144  11:55  Probe, Pylon  
  144  11:56  Probe  
  144  12:01  Pylon  
  146  12:03  Pylon  
  146  12:06  Zealot x3  
  152  12:14  Probe  
  152  12:15  Probe  
  154  12:20  Disruptor x3 (Chrono Boost), Dark Shrine  
  162  12:32  Gravitic Boosters  
  162  12:36  Photon Cannon  
  162  12:37  Zealot  
  162  12:38  Photon Cannon  
  162  12:39  Pylon  
  164  12:45  Disruptor (Chrono Boost)  
  164  12:46  Disruptor x2 (Chrono Boost)  
  171  12:55  Stalker x2  
  175  13:05  Nexus  
  175  13:07  Pylon  
  175  13:09  Probe  
  176  13:13  Zealot, Pylon  
  176  13:14  Zealot, Observer (Chrono Boost), Protoss Ground Weapons Level 3 (Chrono Boost)  
  179  13:21  Probe  
  179  13:22  Observer (Chrono Boost)  
  175  13:30  Probe  
  171  13:43  Stalker x7  
  171  13:48  Zealot x3  
  172  13:50  Disruptor (Chrono Boost)  
  172  13:51  Probe  
  176  13:55  Observer (Chrono Boost)  
  176  14:06  Probe  
  173  14:12  Stalker x7  
  173  14:13  Nexus  
  173  14:15  Observer (Chrono Boost)  
  185  14:20  Pylon  
  185  14:21  Shadow Stride  
  185  14:26  Pylon  
  177  14:35  Probe  
  176  14:39  Probe  
  176  14:43  Probe  
  176  14:50  Probe  
  180  14:54  Probe  
  180  14:55  Disruptor (Chrono Boost)  
  180  14:57  Disruptor (Chrono Boost), Probe  
  182  15:05  Zealot x4  
  193  15:07  Dark Templar  
  193  15:09  Disruptor (Chrono Boost)  
  193  15:14  Zealot  
  176  15:22  Zealot x4  
  176  15:25  Disruptor (Chrono Boost)  
  176  15:26  Disruptor (Chrono Boost)  
  163  15:30  Zealot x4  
  163  15:32  Probe  
  163  15:35  Probe  
  151  15:37  Disruptor (Chrono Boost)  
  145  15:45  Probe  
  145  15:46  Stalker x5  
  145  15:47  Nexus  
  155  15:58  Probe, Pylon  
  155  15:59  Disruptor (Chrono Boost)  
  158  16:05  Observer (Chrono Boost)  
  158  16:06  Disruptor (Chrono Boost)  
  155  16:20  Disruptor  
  155  16:21  Stalker x6  
  169  16:28  Observer  
  169  16:32  Shield Battery  
  170  16:35  Photon Cannon  
  170  16:36  Probe  
  170  16:37  Photon Cannon  
  170  16:39  Shield Battery, Observer  
  171  16:46  Stalker x3  
  175  16:48  Probe  
  175  16:49  Probe  
  166  16:59  Observer  
  158  17:01  Pylon  
  158  17:04  Pylon x2  
  158  17:05  Pylon  
  155  17:12  Dark Templar x3  
  161  17:19  Assimilator  
  161  17:22  Assimilator  
  161  17:30  Probe  
  160  17:44  Probe  
  157  17:52  Probe  
  157  17:55  Nexus  
  158  18:01  Dark Templar x8  
  158  18:04  Probe  
  175  18:06  Pylon  
  163  18:15  Stalker x2  
  163  18:18  Probe  
  163  18:20  Pylon  
  163  18:23  Probe  
  161  18:37  Probe  
  161  18:41  Stalker x6  
  166  18:48  Probe  
  175  18:49  Probe, Pylon  
  175  18:50  Probe  
  175  18:53  Observer (Chrono Boost)  
  175  18:55  Dark Templar x2  
  182  18:57  Zealot x2  
  173  19:12  Stalker x3  
  160  19:35  Stalker x3  
  160  19:36  Stalker x5  
Tags
 
Add a new tag
Caveats
  • Supply blocks, unpowered buildings, or Contaminate may cause inaccurate times.
  • Supply counts are checked every 10 seconds.